Map: Lightshade LE

Players

DPGDark (Dark) - Winner!

  • Race: Zerg Zerg
  • League: Master

Dream

  • Race: Terran Terran
  • League: Master

Event: DreamHack SC2 Masters 2021 Winter

VOD

Have the link to the VOD?

Description

Time

  • Played on: Sept. 22, 2021, 3:55 a.m.
  • Length: 6:06

All games in this series

Show
View Real Time Build Order
Export as new Build Order

DPGDark Zerg - Winner!

Build Orders: Hatch First 

Get SALT Encoding   

  12  0:00  Drone  
  13  0:12  Overlord  
  13  0:17  Drone  
  14  0:31  Drone x2  
  16  0:48  Hatchery  
  15  0:51  Drone  
  15  0:54  Drone  
  17  0:59  Drone  
  18  1:08  Extractor  
  17  1:14  Spawning Pool  
  17  1:18  Drone  
  17  1:19  Drone  
  18  1:29  Drone  
  19  1:42  Drone  
  20  1:49  Drone  
  21  2:01  Queen x2  
  21  2:02  Zergling x4  
  27  2:11  Zergling x2  
  27  2:12  Overlord  
  28  2:21  Hatchery  
  27  2:26  Drone, Extractor  
  27  2:29  Drone  
  28  2:35  Drone  
  28  2:36  Drone  
  31  2:40  Queen  
  32  2:48  Drone  
  32  2:51  Drone, Metabolic Boost  
  34  3:01  Overlord  
  34  3:03  Drone  
  35  3:06  Drone  
  36  3:13  Overlord  
  36  3:18  Queen  
  36  3:19  Drone x3  
  41  3:22  Drone  
  42  3:27  Drone  
  42  3:32  Lair  
  43  3:36  Queen  
  43  3:39  Drone  
  43  3:41  Drone  
  47  3:43  Drone  
  48  3:50  Zergling x4  
  48  3:52  Drone x3  
  53  3:57  Queen  
  55  4:04  Overlord  
  55  4:06  Drone x3  
  57  4:19  Overlord  
  57  4:20  Overlord  
  57  4:22  Queen  
  59  4:24  Extractor  
  59  4:25  Drone x3  
  59  4:29  Spore Crawler  
  59  4:30  Drone  
  61  4:34  Nydus Network  
  60  4:38  Queen  
  60  4:41  Queen  
  60  4:45  Spore Crawler  
  63  4:46  Zergling x2  
  63  4:47  Zergling x2  
  63  4:49  Spore Crawler  
  63  4:50  Zergling x4  
  66  4:53  Overseer  
  66  4:54  Zergling x2  
  66  4:57  Drone x2  
  69  5:03  Zergling x4  
  69  5:04  Zergling x4  
  71  5:07  Zergling x2  
  71  5:08  Zergling x4  
  71  5:10  Nydus Canal  
  74  5:15  Overseer  
  74  5:17  Zergling x6  
  74  5:18  Zergling x2  
  77  5:23  Zergling x2  
  77  5:24  Zergling x6  
  77  5:28  Zergling x2  
  81  5:33  Nydus Canal  
  81  5:42  Zergling x6  
  81  5:47  Nydus Canal  
Show
View Real Time Build Order
Export as new Build Order

Dream Terran 

Build Orders: Reaper Expand, Hellion Banshee 

Get SALT Encoding   

  12  0:00  SCV  
  13  0:12  SCV  
  14  0:16  Supply Depot  
  14  0:24  SCV  
  15  0:38  SCV  
  15  0:40  Barracks  
  15  0:42  Refinery  
  16  0:50  SCV  
  17  1:02  SCV  
  18  1:14  SCV  
  19  1:27  Reaper, Orbital Command  
  20  1:38  Command Center  
  20  1:49  Supply Depot  
  20  1:52  SCV  
  21  1:58  Marine  
  22  2:05  SCV  
  22  2:07  Factory  
  23  2:14  Refinery  
  23  2:17  SCV  
  23  2:20  Barracks Reactor  
  24  2:29  SCV  
  25  2:41  SCV  
  26  2:53  SCV  
  26  2:54  Starport  
  26  2:59  Orbital Command  
  26  3:02  Hellion x2  
  26  3:05  SCV  
  31  3:13  Barracks Tech Lab  
  31  3:17  SCV  
  31  3:18  Supply Depot  
  32  3:24  Hellion x2  
  32  3:25  SCV  
  37  3:29  SCV  
  38  3:37  Cloaking Field, Banshee, SCV  
  42  3:41  SCV  
  42  3:43  Supply Depot  
  42  3:47  Hellion  
  45  3:50  SCV  
  45  3:53  SCV  
  45  3:54  Hellion  
  49  4:02  SCV  
  50  4:06  SCV  
  51  4:10  Command Center  
  51  4:16  SCV  
  52  4:19  SCV  
  52  4:20  Banshee  
  52  4:21  Supply Depot  
  52  4:23  Barracks Tech Lab  
  56  4:29  SCV  
  57  4:31  SCV  
  58  4:43  SCV  
  58  4:44  SCV  
  60  4:45  Marine  
  60  4:46  Factory Reactor  
  60  4:47  Barracks  
  60  4:51  Barracks  
  61  4:56  Engineering Bay x2  
  61  4:57  SCV x2  
  63  5:03  Marine  
  64  5:09  SCV x2  
  64  5:10  Refinery  
  64  5:11  Refinery  
  66  5:19  Starport Reactor  
  66  5:21  SCV, Marine  
  66  5:24  SCV, Orbital Command  
  69  5:32  Bunker  

Tags
 
Add a new tag
Caveats
  • Supply blocks, unpowered buildings, or Contaminate may cause inaccurate times.
  • Supply counts are checked every 10 seconds.